 Dungeon Crawl Stone Soup version 0.19-a0-892-g8a19e52 (webtiles) character file.

65 Television the Skirmisher (level 4, -1/41 HPs)
             Began as a Hill Orc Conjurer on July 4, 2016.
             Was a Follower of Uskayaw.
             Slain by an adder (2 damage)
             ... on level 4 of the Dungeon.
             The game lasted 00:07:02 (746 turns).

Television the Skirmisher (Hill Orc Conjurer)        Turns: 746, Time: 00:07:03

Health: -1/41      AC:  7    Str: 11    XL:     4   Next: 13%
Magic:  4/6        EV:  9    Int: 15    God:    Uskayaw [*.....]
Gold:   47         SH:  0    Dex: 11    Spells: 1 memorised, 5 levels left

rFire  . . .     SeeInvis .     l - +1 hunting sling
rCold  . . .     Gourm    .     e - +0 scale mail (curse)
rNeg   . . .     Faith    .     (no shield)
rPois  .         Spirit   .     (no helmet)
rElec  .         Dismiss  .     (no cloak)
rCorr  .         Reflect  .     d - +0 pair of gloves
SustAt .         Harm     .     (no boots)
MR     .....                    (no amulet)
Stlth  ..........               (no ring)
                                (no ring)

@: lethally poisoned (-1 -> -3), very slightly contaminated, not resistant to
hostile enchantments, extremely unstealthy
A: no striking features
a: Stomp, Renounce Religion


You were on level 4 of the Dungeon.
You worshipped Uskayaw.
Uskayaw was aware of your devotion.
You were hungry.

You visited 1 branch of the dungeon, and saw 4 of its levels.

You collected 47 gold pieces.

Inventory:

Hand Weapons
 l - a +1 hunting sling (weapon)
Armour
 a - a +0 robe
 d - a +0 pair of gloves (worn)
 e - a cursed +0 scale mail (worn)
 i - a +0 ring mail
Potions
 k - a potion of curing
Books
 b - a book of Conjurations

   Spells                             Type                      Level
   a - Magic Dart                     Conjuration                  1
   b - Searing Ray                    Conjuration                  2
   c - Dazzling Spray                 Conjuration/Hexes            3
   d - Fulminant Prism                Conjuration/Hexes            4
   e - Iskenderun's Mystic Blast      Conjuration                  4
   f - Iskenderun's Battlesphere      Conjuration/Charms           5
Comestibles
 c - a bread ration
 g - 2 meat rations


   Skills:
 * Level 4.3 Fighting
 - Level 1.5 Dodging
 - Level 1.5 Stealth
 - Level 1.5 Spellcasting
 - Level 4.0 Conjurations


You had 5 spell levels left.
You knew the following spells:

 Your Spells              Type           Power        Failure   Level  Hunger
a - Magic Dart            Conj           ##..         34%         1    ##.....


Dungeon Overview and Level Annotations

Branches:
Dungeon (4/15)
 Temple: D:4-7

Altars:
Uskayaw
Zin


Message History

There is a stone staircase leading up here.
Casting: Magic Dart
Confirm with . or Enter, or press ? or * to list all spells.
Aiming: Magic Dart
Press: ? - help, Shift-Dir - straight line, f - adder
Aim: an adder The magic dart hits the adder.
The adder is moderately wounded.
The adder bites you but does no damage. The orc barely misses you.
The adder bites you.
* * * LOW HITPOINT WARNING * * *
Casting: Magic Dart
Confirm with . or Enter, or press ? or * to list all spells.
Aiming: Magic Dart
Press: ? - help, Shift-Dir - straight line, f/p - adder
Aim: an adder (moderately wounded)
You miscast Magic Dart.
You are very lightly contaminated with residual magic.
You smell something strange.
The adder bites you.
You die...

.... #..
#.. #..
##.# #..#
######o.#
.......@#
......S##
###....
###.# ##


You could see an adder and an orc.

Vanquished Creatures
  Ijyb (D:2)
  An adder (D:2)
  A giant gecko (D:2)
  4 bats
  3 giant cockroaches (D:2)
  4 hobgoblins (D:2)
  2 kobolds (D:2)
  9 goblins
  A rat (D:2)
26 creatures vanquished.

Notes
Turn   | Place    | Note
-------+----------+-------------------------------------------
     0 | D:1      | Television the Hill Orc Conjurer began the quest for the Orb.
     0 | D:1      | Reached XP level 1. HP: 14/14 MP: 3/3
    92 | D:1      | Reached skill level 1 in Fighting
   176 | D:1      | You fall through a shaft!
   208 | D:2      | Reached XP level 2. HP: 10/24 MP: 0/4
   265 | D:2      | Found a glowing silver altar of Zin.
   384 | D:2      | Noticed Ijyb
   484 | D:2      | HP: 1/25 [Ijyb/club (4)]
   492 | D:2      | Killed Ijyb
   492 | D:2      | Reached XP level 3. HP: 3/33 MP: 0/5
   493 | D:2      | HP: 1/33 [hobgoblin/club (2)]
   531 | D:2      | Found a faded altar of an unknown god.
   553 | D:2      | Became a worshipper of Uskayaw the Reveler
   553 | D:2      | Reached * piety under Uskayaw
   667 | D:2      | Reached XP level 4. HP: 18/41 MP: 3/6
   667 | D:2      | Reached ** piety under Uskayaw
   705 | D:3      | Noticed a sky beast
   745 | D:4      | HP: 1/41 [adder (3)]
   746 | D:4      | Slain by an adder

Vault maps used:
D:1:      minmay_arrival_checkered_box
D:2:      kennysheep_the_goblin_king, zin_treasury, first_bread,
          ecumenical_altar_1, hangedman_abyss_or_decor_lesser_grid, uniq_iyjb
D:3:      st_stairs_4
D:4:      lemuel_coloured_pillars_altar, uniq_natasha

Skill      XL: |  1  2  3 |
---------------+----------+-----
Fighting       | 2 3 4 |  4.3
Dodging        | |  1.5
Stealth        | |  1.5
Spellcasting   | |  1.5
Conjurations   | |  4.0

Action                   |  1- 3 |  4- 6 || total
-------------------------+-------+-------++-------
Melee: Unarmed           |   199 |       ||   199
 Fire: Hunting sling     |     8 |     1 ||     9
 Cast: Magic Dart        |    30 |     5 ||    35
  Use: Potion            |     2 |       ||     2
       Scroll            |       |     3 ||     3
  Eat: Chunk             |       |     1 ||     1
Armor: Scale mail        |   102 |    17 ||   119
Dodge: Dodged            |    86 |    23 ||   109
